 Dungeon Crawl Stone Soup version 0.29.1-2-gbd0b4ee654 (webtiles) character file.

Game seed: 8677920050185377681

186 GorkyZ the Cudgeller (level 5, -5/39 HPs)
             Began as a Demonspawn Gladiator on Nov 17, 2022.
             Slain by a gnoll
             ... wielding a +0 spear of venom
              (6 damage)
             ... on level 4 of the Dungeon.
             The game lasted 00:11:27 (3812 turns).

GorkyZ the Cudgeller (Demonspawn Gladiator)         Turns: 3812, Time: 00:11:28

Health: -5/39      AC: 13    Str: 14 (16) XL:     5   Next: 38%
Magic:  5/5        EV:  4    Int:  8 (10) God:
Gold:   162        SH:  3    Dex: 14      Spells: 4/4 levels left

rFire   . . .      SeeInvis .   g - +1 short sword (venom)
rCold   . . .      Faith    .   A - +0 buckler
rNeg    . . .      Spirit   .   x - +0 plate armour
rPois   .          Reflect  .   c - +0 helmet
rElec   .          Harm     .   (no cloak)
rCorr   .          Rampage  .   t - +0 pair of gloves
Will    .....                   (no boots)
Stlth   ..........              (no amulet)
HPRegen 0.13/turn               (no ring)
MPRegen 0.09/turn               (no ring)

@: lethally poisoned (-5 -> -29)
A: demonic guardian 1, demonic magic 2
a: no special abilities


You were on level 4 of the Dungeon.
You visited 1 branch of the dungeon, and saw 4 of its levels.

You collected 162 gold pieces.

Inventory:

Hand Weapons
 a - a +0 flail
 g - a +1 short sword of venom (weapon)
Missiles
 d - 4 throwing nets (quivered)
 e - a javelin
 n - 16 poisoned darts
 D - 2 boomerangs of dispersal
Armour
 b - a +0 leather armour
 c - a +0 helmet (worn)
 j - a +0 chain mail
 r - a +1 scale mail
 t - a +0 pair of gloves (worn)
 x - a +0 plate armour (worn)
 A - a +0 buckler (worn)
Jewellery
 v - an amulet of magic regeneration
 w - a +6 ring of strength
 y - a ring of protection from cold
Wands
 q - a wand of polymorph (8)
Scrolls
 f - a scroll of fear {unknown}
 h - 2 scrolls of identify
 o - a scroll of vulnerability
Potions
 i - 2 potions of curing
 l - 2 potions of degeneration
 s - a potion of magic
 z - a potion of flight


   Skills:
 + Level 2.4 Fighting
 + Level 3.5 Maces & Flails
 + Level 2.0 Throwing
 * Level 3.1 Armour
 + Level 3.4 Dodging


You had 4 spell levels left.
You didn't know any spells.
Your spell library contained the following spells:

 Spells                   Type           Power      Damage    Failure   Level
 Sandblast                Erth           0%         2d4       100%        1
 Passwall                 Tmut/Erth      0%         N/A       100%        2
 Static Discharge         Conj/Air       0%         3-3/arc   100%        2
 Stone Arrow              Conj/Erth      0%         3d7       100%        3
 Iskenderun's Battlesphe  Conj           0%         2d6       100%        5
 Lightning Bolt           Conj/Air       0%         1d11      100%        5
 Iron Shot                Conj/Erth      0%         9d1       100%        6
 Spellforged Servitor     Conj/Summ      0%         N/A       100%        7
 Maxwell's Capacitive Co  Air            0%         ∞         100%        8


Dungeon Overview and Level Annotations

Branches:
Dungeon (4/15)
 Temple: D:4-7

Altars:
Ashenzari
Okawaru


Innate Abilities, Weirdness & Mutations

A weak demonic guardian rushes to your aid.
Spells you cast may paralyse nearby enemies.


Message History

You barely miss the gnoll. The gnoll hits you but does no damage.
You are poisoned.
The gnoll hits you but does no damage.
You completely miss the gnoll.
You feel sick. The gnoll hits you with a +0 whip.
The gnoll hits you from afar with a +0 spear of venom.
You are more poisoned.
You closely miss the gnoll.
You feel very sick.
The gnoll hits you but does no damage. x2
You are more poisoned.
The gnoll hits you but does no damage.
You are more poisoned.
The gnoll hits you but does no damage.
A gnoll comes into view. It is wielding a +0 whip.
The gnoll shouts!
You hit the gnoll but do no damage.
The gnoll is poisoned.
You feel very sick.
The gnoll hits you but does no damage. x2
You are lethally poisoned!
You are too injured to fight recklessly!
You are too injured to fight recklessly!
Okay, then.
Okay, then.
Sorry, you're not good enough to have a special ability.
Okay, then.
You barely miss the gnoll.
* * * LOW HITPOINT WARNING * * *
You feel extremely sick.
The gnoll hits you but does no damage. x2
You are more poisoned.
You hit the gnoll.
The gnoll looks as sick as possible!
The gnoll is moderately wounded.
* * * LOW HITPOINT WARNING * * *
You feel extremely sick. The gnoll hits you with a +0 whip.
* * * LOW HITPOINT WARNING * * *
A demonic guardian appears!
The gnoll hits you from afar with a +0 spear of venom.
You die...

######### #.......#
#.#####.# ###.#######.#
#.# ###
....ggg@.5#.#####.###.##
###.#####.#.#..........#
#.....###.###.##
#.....###.# #.# ###
##........# #.## ..#
##.####### #... ### #.#
#.# #..# ..# #.# #.#
##..# ..# #.# ##'##
#...#


You could see 3 gnolls and a friendly quasit (summoned).

Vanquished Creatures
  A bullfrog (D:4)
  A gnoll (D:4)
  4 adders
  An ufetubus (D:4)
  A dart slug (D:3)
  7 orcs
  8 endoplasms
  3 giant cockroaches
  2 goblins
  5 hobgoblins
  2 jackals (D:3)
  5 kobolds
  A quokka (D:4)
  5 ball pythons
  A bat (D:2)
  5 frilled lizards
  2 rats
54 creatures vanquished.

Vanquished Creatures (collateral kills)
  A worm (D:3)
  A jackal (D:3)
  A ball python (D:3)
3 creatures vanquished.

Grand Total: 57 creatures vanquished

Notes
Turn   | Place    | Note
-------+----------+-------------------------------------------
     0 | D:1      | GorkyZ the Demonspawn Gladiator began the quest for the
                  | Orb.
     0 | D:1      | Reached XP level 1. HP: 16/16 MP: 1/1
   752 | D:1      | Gained mutation: A weak demonic guardian rushes to your
                  | aid. [demonic ancestry]
   752 | D:1      | Reached XP level 2. HP: 22/22 MP: 2/2
  1327 | D:2      | Gained mutation: Spells you cast may paralyse adjacent
                  | enemies. [demonic ancestry]
  1327 | D:2      | Reached XP level 3. HP: 16/27 MP: 3/3
  1743 | D:2      | Reached skill level 1 in Armour
  2344 | D:3      | Gained mutation: Spells you cast may paralyse nearby
                  | enemies. [demonic ancestry]
  2344 | D:3      | Reached XP level 4. HP: 22/33 MP: 4/4
  2766 | D:3      | Found a broken altar of Ashenzari.
  2844 | D:3      | Found a faded altar of an unknown god.
  3065 | D:3      | Found an iron altar of Okawaru.
  3192 | D:4      | Noticed a bullfrog
  3210 | D:4      | Killed a bullfrog
  3211 | D:4      | Reached XP level 5. HP: 21/39 MP: 5/5
  3812 | D:4      | HP: 1/39 [gnoll/+0 whip (3)]
  3812 | D:4      | Slain by a gnoll

Illustrated notes

Levels and vault maps discovered:
D:1:      dpeg_arrival_line_fractal, layout_basic, serial_park_tiny_2,
          kennysheep_another_room
D:2:      layout_rooms
D:3:      layout_loops_ring, cheibrodos_ashenzari_chains,
          gammafunk_temple_overflow_elements, ebering_ecumenical_altar_mist,
          minmay_parallelograms, moated_statue, minmay_fractal_squares_5
D:4:      layout_loops_corners

Skill      XL: |  1  2  3  4  5 |
---------------+----------------+-----
Maces & Flails | 3 |  3.5
Dodging        | 3 |  3.4
Throwing       | 2 |  2.0
Armour         | 1 2 3 |  3.1
Fighting       | |  2.4

Action                   |  1- 3 |  4- 6 || total
-------------------------+-------+-------++-------
Melee: Short sword       |    93 |    71 ||   164
       Flail             |     4 |       ||     4
  Use: Scroll            |       |    10 ||    10
       Potion            |       |     2 ||     2
Armor: Chain mail        |    37 |       ||    37
       Leather armour    |     3 |       ||     3
       Plate armour      |    20 |    58 ||    78
Dodge: Dodged            |    35 |    13 ||    48
Block: Buckler           |       |     9 ||     9
